Pulp, lawful female human Valkyrie --- --.-- --------- ---- |...| ---- --.|.--..| --..| |...------ --..-- |........-- ---...| ---- |....|.|.--|....---------........| |....--- --..|----------|..........|.|..................-- |..|...| |...--..|..|...|......--....|-----------...%...| ------.--- |.%............%.-....|--*..| |....-..-- --..<| ---.....................|.%...| ---......| |....| ---.......................|.--..| |.....-- --...| |...............`...........|*--- ---..-| |..-- |...........|.-------..I......| |...| --.--- |-......--.---- --).)......-- |...-- |...| |...|...|------ --..(.--.....| |....| ---.--- |...|-.-| ---.-- --..%..--....-- |.^.-- |...| ---.---|-.| |....|--...........-- ---...| ---.---- |...| |..---....--...---...---- ----.....-- |....---------.--- |.............-| |..-- --.........| --..>.......^..| -----....--....| |..| |.......|.-- |..------------ --..----..-- ---- --..--.---- ---- ---- ---- ------- Pulp the Fighter Experience level: 6 Strength: 19 Dexterity: 13 Constitution: 16 Intelligence: 8 Wisdom: 8 Charisma: 11 Health: 0(46) Energy: 19(19) Def: 11 Gold: 188 Moves: 1904 Dungeon seed: MlChPufdiBmTnwqs Game ID: Pulp_1514339930 Your Inventory: Coins $ - 188 gold pieces Weapons a - an uncursed +1 long sword (weapon in hand) b - 6 uncursed +0 daggers (in quiver) Armor e - an uncursed +3 small shield (being worn) n - an uncursed +0 orcish helm (being worn) q - an uncursed +0 scale mail (being worn) r - an uncursed +0 dwarvish cloak (being worn) y - an uncursed +0 pair of iron shoes (being worn) Comestibles c - an uncursed food ration j - an uncursed tripe ration Scrolls k - an uncursed scroll of enchant armor z - a cursed scroll of confuse monster Potions g - a blessed potion of restore ability l - 2 uncursed potions of sickness m - a potion of holy water o - an uncursed potion of blindness p - an uncursed potion of booze t - a cursed potion of object detection C - an uncursed potion of object detection Tools d - an uncursed oil lamp (0:1261) u - an uncursed sack named tote v - an uncursed towel A - an uncursed leash Contents of the sack named tote: an uncursed wand of secret door detection (0:10) Spells and supernatural/magical abilities: Spells marked with '*' are forgotten. Spells marked with '!' are maintained. Spells marked with '#' are aliased with 'castalias'. Name Level Category Fail Memory W - pray for help -- divine ? -- Your skills at the end: Fighting Skills wands [Basic] Weapon Skills dagger [Basic] long sword [Basic] Spellcasting Skills Final Attributes: You were immune to cold. You were blinded. You were stealthy. You are dead. Vanquished creatures: a water nymph a rock mole a yellow light 8 gnome lords a gnomish wizard a giant ant 2 dwarves a centipede 2 coyotes a hobbit a large kobold a red mold 21 gnomes 3 garter snakes 9 jackals a fox a kobold 2 goblins 2 sewer rats a grid bug a lichen 6 newts 68 creatures vanquished. Voluntary challenges: You were an atheist. You used a wielded weapon 58 times, starting on turn 2. You read items or engraved 2 times, starting on turn 158. You never genocided any monsters. You never polymorphed an object. You never changed form. You used no wishes. You never split a pudding. You wrote Elbereth's name 1 time, starting on turn 158. You never violated your personal moral code. Dungeon overview: The Dungeons of Doom: levels 1 to 3 Level 1 some fountains a long staircase Level 2 a fountain Level 3 some fountains, a vault stairs to The Gnomish Mines The Gnomish Mines: levels 4 to 6 Level 4 stairs to The Dungeons of Doom Level 5 Level 6 <- You were here History has recorded: On T:1 you entered the Dungeons of Doom to retrieve the Amulet of Yendor! On T:477 you reached level 2 of The Dungeons of Doom. On T:565 you advanced to experience level 2. On T:694 you reached level 3 of The Dungeons of Doom. On T:873 you reached level 1 of The Gnomish Mines. On T:908 you advanced to experience level 3. On T:952 you advanced to experience level 4. On T:1302 you reached level 2 of The Gnomish Mines. On T:1372 you advanced to experience level 5. On T:1610 you reached level 3 of The Gnomish Mines. On T:1723 you advanced to experience level 6. Score breakdown: Gold: 188 ( 7743 points) Experience: 6 levels (12456 points) Exploration: 6 levels ( 12.50%) ( 9784 points) Discoveries: 2 items ( 0.80%) ( 2688 points) Valuables value: (no points given unless you survive) Artifact value: 0 ( 0 points) Variety of kills: 22 monsters ( 5.79%) ( 7218 points) Turncount: 1904 turns ( 0 points) Survival: died (score multiplied by 80%) Total score: 31911 Latest messages: b - 2 uncursed +0 daggers (in quiver). C - a pink potion. You kill the red mold! Where do you want to travel to? The yellow light explodes! You are blinded by a blast of light! You finish waiting. You stop waiting. It bites! It stings! Its sting was poisoned! You miss it. It misses. It stings! It bites! It stings! You die... For some reason, you think that you can almost hear the Wizard laugh manically... Final status: Farvel Pulp the Valkyrie, killed by a soldier ant... You died in The Gnomish Mines on dungeon level 6 with 31911 points, and 188 pieces of gold, after 1904 moves. You were level 6 with a maximum of 46 hit points when you died.